 Dungeon Crawl Stone Soup version 0.28-a0-476-g0f06bd746f (webtiles) character file.

Game seed: 3551177697169471254

97 siradein the Skirmisher (level 4, -1/49 HPs)
             Began as an Ogre Fighter on Sept 17, 2021.
             Succumbed to an adder's poison
             ... on level 3 of the Dungeon.
             The game lasted 00:05:05 (1994 turns).

siradein the Skirmisher (Ogre Fighter)              Turns: 1994, Time: 00:05:06

Health: -1/49      AC:  3    Str: 21    XL:     4   Next: 68%
Magic:  4/4        EV:  8    Int:  9    God:
Gold:   66         SH:  7    Dex:  8    Spells: 3/3 levels left

rFire   + . .      SeeInvis .   a - +0 trident
rCold   . . .      Faith    .   c - +0 kite shield
rNeg    . . .      Spirit   .   b - +0 robe
rPois   .          Reflect  .   (helmet restricted)
rElec   .          Harm     .   (no cloak)
rCorr   .          Rampage  .   (gloves unavailable)
Will    .....                   (boots unavailable)
Stlth   +.........              (no amulet)
HPRegen 0.16/turn               k - ring of protection from fire
MPRegen 0.09/turn               (no ring)

@: lethally poisoned (-1 -> -3)
A: large, unfitting armour, tough skin 1
a: no special abilities


You were on level 3 of the Dungeon.
You visited 1 branch of the dungeon, and saw 3 of its levels.

You collected 66 gold pieces.

Inventory:

Hand Weapons
 a - a +0 trident (weapon)
Armour
 b - a +0 robe (worn)
 c - a +0 kite shield (worn)
Jewellery
 k - a ring of protection from fire (left hand)
Wands
 m - a wand of acid (11)
Scrolls
 e - a scroll of blinking {unknown}
 f - a scroll of silence {unknown}
 g - a scroll of identify {unknown}
 l - 2 scrolls of fog {unknown}
Potions
 d - a potion of might
 h - a potion of magic {unknown}
 i - a potion of brilliance {unknown}
 j - a potion of cancellation {unknown}


   Skills:
 + Level 4.9 Fighting
 + Level 2.8 Polearms
 + Level 3.3 Dodging
 + Level 3.3 Shields


You had 3 spell levels left.
You didn't know any spells.
Your spell library was empty.

Dungeon Overview and Level Annotations

Branches:
Dungeon (3/15)

Altars:


Innate Abilities, Weirdness & Mutations

You are too large for most types of armour.
You have tough skin. (AC +1)


Message History

You block the adder's attack. The iguana bites you! The adder bites you.
You hit the iguana.
The iguana is moderately wounded.
The adder bites you.
You are poisoned.
The adder poisons you! The iguana bites you. The adder bites you.
You are more poisoned.
The adder poisons you! The iguana bites you.
You feel very sick.
You feel sick.
You feel sick. The adder bites you but does no damage.
You are too injured to fight recklessly!
You miss the adder.
You feel sick. The adder bites you but does no damage.
You closely miss the adder.
You feel sick. The adder bites you.
* * * LOW HITPOINT WARNING * * *
You are lethally poisoned!
The adder poisons you! The adder barely misses you.
You hit the adder.
The adder is lightly wounded.
* * * LOW HITPOINT WARNING * * *
You feel very sick. You block the adder's attack. x2
You closely miss the adder.
The adder is lightly wounded.
* * * LOW HITPOINT WARNING * * *
You feel sick. You block the adder's attack.
The adder bites you but does no damage.
You hit the adder.
The adder is moderately wounded.
* * * LOW HITPOINT WARNING * * *
You feel sick. The adder bites you.
* * * LOW HITPOINT WARNING * * *
You block the adder's attack.
You closely miss the adder.
The adder is moderately wounded.
* * * LOW HITPOINT WARNING * * *
You feel sick. You block the adder's attack.
You miss the adder.
The adder is moderately wounded.
You die...

####.###### #.....
#....#≈≈≈≈≈ .....
#....#....≈ ....
#....#....≈ ...
#....#....≈ ..
####.'##### #. #...#
...###.####### #...#
#.....glS@..######).<#
#####..####..........#
#8## #######....# #.
#......# #. #.#.##.#
#. ##.#.##.# #.
#....##.# #. ###.###.#
#.##..#


You could see an iguana, an adder and a goblin.

Vanquished Creatures
  A centaur skeleton (D:2)
  Terence (D:3)
  An adder (D:2)
  A worm (D:2)
  6 bats
  3 giant cockroaches
  6 goblins
  3 hobgoblins
  A kobold (D:1)
  A quokka (D:1)
  4 ball pythons
  3 frilled lizards
  2 rats (D:1)
33 creatures vanquished.

Notes
Turn   | Place    | Note
-------+----------+-------------------------------------------
     0 | D:1      | siradein the Ogre Fighter began the quest for the Orb.
     0 | D:1      | Reached XP level 1. HP: 24/24 MP: 1/1
   177 | D:1      | Reached XP level 2. HP: 21/32 MP: 2/2
   681 | D:2      | Reached XP level 3. HP: 26/40 MP: 3/3
   832 | D:2      | Reached XP level 4. HP: 36/49 MP: 4/4
  1677 | D:3      | Noticed Terence
  1698 | D:3      | Killed Terence
  1992 | D:3      | HP: 2/49 [adder (1)]
  1994 | D:3      | Succumbed to an adder's poison

Illustrated notes

Levels and vault maps discovered:
D:1:      dpeg_arrival_erosion, layout_rooms
D:2:      layout_loops_ring
D:3:      layout_rooms, biasface_ghost_orc_armoury, serial_rivers,
          chequers_serial_rivers_small_3, chequers_serial_rivers_small_3,
          chequers_serial_rivers_small_3, chequers_serial_rivers_room_a,
          chequers_serial_rivers_large_b, kennysheep_generic_room_6,
          uniq_terence

Skill      XL: |  1  2 |
---------------+-------+-----
Shields        | 3 |  3.3
Dodging        | 3 |  3.3
Fighting       | |  4.9
Polearms       | |  2.8

Action                   |  1- 3 |  4- 6 || total
-------------------------+-------+-------++-------
Melee: Trident           |    74 |    59 ||   133
Armor: Robe              |    16 |    14 ||    30
Dodge: Dodged            |    26 |    15 ||    41
Block: Kite shield       |    25 |    23 ||    48

Table legend: (Time is in decaauts)
 A = Elapsed time spent in this place.
 B = Non-inter-level travel time spent in this place.
 C = Inter-level travel time spent in this place.
 D = Time resting spent in this place.
 E = Time spent auto-exploring this place.
 F = Levels seen in this place.
 G = Mean time per level.
                   A        B        C        D        E       F      G
               +--------+--------+--------+--------+--------+-----+--------+
         Total |   2042 |   2006 |     36 |      0 |   1707 |   3 |  680.7 |
       Dungeon |   2042 |   2006 |     36 |      0 |   1707 |   3 |  680.7 |
               +--------+--------+--------+--------+--------+-----+--------+

Top non-repeatable levels by time:
     D:2: 982 daAuts
     D:1: 646 daAuts
     D:3: 414 daAuts
